 Dungeon Sprint DCSS version 0.31-a0-115-g4708a659fe (webtiles) character file.

Game seed: 1414073185391916551

8 gelatine the Trooper (level 2, 0/26 HPs)
             Began as a Demonspawn Fighter on May 29, 2023.
             Was an Initiate of Jiyva.
             Slain by a hell hound (4 damage)
             ... in the Dungeon (Sprint V: "Ziggurat Sprint").
             The game lasted 00:05:41 (93 turns).

gelatine the Trooper (Demonspawn Fighter)             Turns: 93, Time: 00:05:41

Health: 0/26       AC: 19    Str: 28    XL:     2   Next: 0%
Magic:  2/2        EV:  3    Int:  9    God:    Jiyva [......]
Gold:   0          SH: 15    Dex: 12    Spells: 1/1 levels left

rFire   + . .        a - +0 flail
rCold   + . .        l - +3 tower shield
rNeg    . . .        k - +5 gold dragon scales
rPois   +            (no helmet)
rElec   .            (no cloak)
rCorr   .            (no gloves)
SInv    .            (no boots)
Will    .....        (no amulet) Stlth
                     B - +6 ring of strength
HPRegen 0.24/turn    C - +6 ring of strength
MPRegen 0.08/turn

%: no teleportation
@: no status effects
A: demonic touch 1
a: Renounce Religion


You were in the Dungeon.
You worshipped Jiyva.
Jiyva was noncommittal.
You visited 1 branch

Inventory:

Hand Weapons
 a - a +0 flail (weapon)
Armour
 b - a +0 scale mail
 c - a +0 buckler
 k - +5 gold dragon scales (worn)
 l - a +3 tower shield (worn)
Jewellery
 w - a ring of flight
 x - a +6 ring of dexterity
 y - a +6 ring of dexterity
 z - a +6 ring of intelligence
 A - a +6 ring of intelligence
 B - a +6 ring of strength (left hand)
 C - a +6 ring of strength (right hand)
Wands
 u - a wand of mindburst (7)
 v - a wand of light (7)
 D - a wand of roots (10)
Scrolls
 j - 4 scrolls of blinking
 m - 4 scrolls of amnesia
 n - 7 scrolls of fog
 o - 5 scrolls of identify
 p - 2 scrolls of fear
Potions
 d - 6 potions of might
 e - 10 potions of curing
 f - 10 potions of heal wounds
 g - 6 potions of haste
 h - 7 potions of magic
 i - 3 potions of berserk rage
 q - 2 potions of brilliance
 r - 2 potions of invisibility
 s - 4 potions of resistance


   Skills:
 * Level 4.4 Fighting
 + Level 3.4 Maces & Flails
 * Level 4.0 Armour
 * Level 2.7 Dodging
 * Level 4.0 Shields


You had one spell level left.
You didn't know any spells.
Your spell library was empty.

Dungeon Overview and Level Annotations

Branches:
Dungeon (1/1)

Altars:
Ashenzari
Cheibriados
Dithmenos
Fedhas
Gozag
Hepliaklqana
Kikubaaqudgha
Makhleb
Nemelex Xobeh
Okawaru
Qazlal
Ru
Sif Muna
Trog
Uskayaw
Vehumet
Wu Jian
Xom
Yredelemnul
Jiyva
Lugonu

Annotations:
D 1 transporter


Innate Abilities, Weirdness & Mutations

Your touch may inflict minor irresistible damage on your foes.


Message History

The ufetubus hits you but does no damage. x2
The hell hound bites you but does no damage.
You block the ufetubus's attack. The ufetubus hits you.
You completely miss the ufetubus. You block the hell hound's attack.
You block the ufetubus's attack.
The ufetubus hits you but does no damage.
The hell hound bites you but does no damage.
The ufetubus barely misses you.
The ufetubus hits you but does no damage.
The hell hound bites you but does no damage.
You closely miss the ufetubus. You block the ufetubus's attack. x2
The hell hound bites you but does no damage.
You block the ufetubus's attack. The ufetubus hits you.
The hell hound bites you!
You hear a distant slurping noise.
You barely miss the ufetubus. You block the ufetubus's attack.
The ufetubus hits you. You block the hell hound's attack.
The ufetubus hits you but does no damage. x2
You hear a distant slurping noise.
You block the hell hound's attack.
You barely miss the ufetubus.
The ufetubus hits you but does no damage.
You block the ufetubus's attack. You block the hell hound's attack.
The ufetubus hits you.
The ufetubus hits you but does no damage.
You block the hell hound's attack.
You miss the ufetubus. You block the hell hound's attack.
You block the ufetubus's attack.
The ufetubus hits you but does no damage.
The hell hound bites you.
* * * LOW HITPOINT WARNING * * *
The ufetubus hits you but does no damage. x2
The hell hound bites you.
* * * LOW HITPOINT WARNING * * *
The ufetubus completely misses you.
The ufetubus hits you but does no damage.
You hit the hell hound.
The hell hound is lightly wounded.
The hell hound bites you.
You die...

▓▓▓▓▓▓▓
▓.8©8.▓
▓.....▓
▓.).?.▓
▓..h5.▓
▓..@..▓
▓..©..▓
▓▓▓▓▓▓▓


You could see a hell hound and an ufetubus.

Vanquished Creatures (others)
  A titan (shapeshifter) (D)
  A sphinx (shapeshifter) (D)
  A stone giant (shapeshifter) (D)
  An eleionoma (shapeshifter) (D)
  A two-headed ogre (shapeshifter) (D)
  A fire crab (shapeshifter) (D)
  A goliath frog (shapeshifter) (D)
  A swamp dragon (shapeshifter) (D)
  A lindwurm (shapeshifter) (D)
  A wolf spider (shapeshifter) (D)
  A mana viper (shapeshifter) (D)
  A shining eye (shapeshifter) (D)
  2 moths of wrath (shapeshifter) (D)
  A guardian serpent (shapeshifter) (D)
  An eye of devastation (shapeshifter) (D)
  2 water nymphs (shapeshifter) (D)
  A merfolk (shapeshifter) (D)
  2 tarantellas (shapeshifter) (D)
  A raiju (shapeshifter) (D)
  A dream sheep (shapeshifter) (D)
  A slime creature (shapeshifter) (D)
  A redback (shapeshifter) (D)
  A black bear (shapeshifter) (D)
  A frilled lizard (shapeshifter) (D)
27 creatures vanquished.

Notes
Turn   | Place    | Note
-------+----------+-------------------------------------------
     0 | D        | gelatine the Demonspawn Fighter began the quest for the
                  | Orb.
     0 | D        | Reached XP level 1. HP: 18/18 MP: 1/1
    13 | D        | Found a blossoming altar of Fedhas.
    13 | D        | Found the +6 Majin-Bo {spellvamp, MP+6 Int+6}
    13 | D        | Found the +27 heavy crossbow "Sniper" {heavy, Acc+∞ SInv}
    13 | D        | Found the +10 dark maul {heavy}
    13 | D        | Found the +15 Maxwell's patent armour {-Cast -Tele rElec
                  | Will+ rCorr}
    13 | D        | Found the +18 shield of the Gong {Loud rN+ Will+ rCorr
                  | EV-5}
    13 | D        | Found the +16 obsidian axe {drain, demonic, Mesm Drain Fly
                  | SInv}
    13 | D        | Found the +7 great mace "Firestarter" {flame, immolate,
                  | rFlCloud rF++}
    13 | D        | Found the +6 shillelagh "Devastator" {shatter}
    13 | D        | Found the +11 plutonium sword {Contam Stlth-}
    13 | D        | Found the +8 lance "Wyrmbane" {slay drac, rPois rF+ rC+
                  | AC+3}
    13 | D        | Found the +9 sword of Zonguldrok {reap}
    13 | D        | Found the +13 scythe of Curses {drain, curses, Drain}
    13 | D        | Found the +9 sword of Power {lifebolt}
    13 | D        | Found the +7 mace of Variability {chaos, chaos arc}
    13 | D        | Found the +11 Singing Sword {sonic wave}
    13 | D        | Found the +8 storm bow {elec, penet}
    25 | D        | Found a viscous altar of Jiyva.
    25 | D        | Found a hazy altar of Hepliaklqana.
    25 | D        | Found a transporter.
    25 | D        | Found an opulent altar of Gozag.
    25 | D        | Found an ancient bone altar of Kikubaaqudgha.
    25 | D        | Found a corrupted altar of Lugonu.
    38 | D        | Found a burning altar of Makhleb.
    39 | D        | Found a sacrificial altar of Ru.
    39 | D        | Found a shimmering blue altar of Sif Muna.
    39 | D        | Found a stormy altar of Qazlal.
    39 | D        | Found a bloodstained altar of Trog.
    39 | D        | Found an iron altar of Okawaru.
    39 | D        | Found a sparkling altar of Nemelex Xobeh.
    64 | D        | Became a worshipper of Jiyva Jorghu the Shapeless
    69 | D        | Killed a two-headed ogre
    70 | D        | Killed a water nymph
    71 | D        | Killed a merfolk
    74 | D        | Killed a swamp dragon
    74 | D        | Killed a mana viper
    75 | D        | Killed a guardian serpent
    75 | D        | Killed an eye of devastation
    77 | D        | Killed a goliath frog
    77 | D        | Killed a black bear
    78 | D        | Killed a redback
    79 | D        | Killed a dream sheep
    80 | D        | Gained mutation: Your touch may inflict minor irresistible
                  | damage on your foes. [demonic ancestry]
    80 | D        | Reached XP level 2. HP: 26/26 MP: 2/2
    80 | D        | Killed a slime creature
    80 | D        | Killed a tarantella
    81 | D        | Killed a moth of wrath
    82 | D        | Killed a shining eye
    83 | D        | Killed a sphinx
    84 | D        | Entered arena 2.
    84 | D        | Noticed a hell hound
    84 | D        | Found a transporter.
    85 | D        | Killed a titan
    85 | D        | Killed a wolf spider
    85 | D        | Killed a stone giant
    85 | D        | Killed a tarantella
    87 | D        | Killed a moth of wrath
    88 | D        | Killed a lindwurm
    89 | D        | Killed a fire crab
    90 | D        | Killed an eleionoma
    92 | D        | Killed a raiju
    92 | D        | Killed a water nymph
    93 | D        | Slain by a hell hound

Illustrated notes

Levels and vault maps discovered:
D:        sprint_v [room_start, room_1, room_2, room_3, room_4, room_5, room_6,
          room_7, room_8, room_9, room_10, room_11, room_12, room_13, room_14,
          room_15, room_16, room_17, room_18, room_19, room_20, room_21,
          room_22, room_23, room_24, room_25, room_26, room_27]

Skill      XL: |  1 |
---------------+----+-----
Fighting       | 4 |  4.4
Maces & Flails | 3 |  3.4
Armour         | 4 |  4.0
Dodging        | 2 |  2.7
Shields        | 4 |  4.0

Action                     || total
---------------------------++-------
  Melee: Flail             ||     8
    Use: Potion            ||     1
 Armour: Gold dragon scale ||    19
  Dodge: Dodged            ||     2
  Block: Tower shield      ||    20

Table legend: (Time is in decaauts)
 A = Elapsed time spent in this place.
 B = Non-inter-level travel time spent in this place.
 C = Inter-level travel time spent in this place.
 D = Time resting spent in this place.
 E = Time spent auto-exploring this place.
 F = Levels seen in this place.
 G = Mean time per level.
                   A        B        C        D        E       F      G
               +--------+--------+--------+--------+--------+-----+--------+
         Total |     94 |     94 |      0 |      0 |      0 |   1 |   94.0 |
       Dungeon |     94 |     94 |      0 |      0 |      0 |   1 |   94.0 |
               +--------+--------+--------+--------+--------+-----+--------+

Top non-repeatable levels by time:
       D: 94 daAuts
